 Dungeon Crawl Stone Soup version 0.31-a0-1074-g0b22e4e0f1 (webtiles) character file.

Game seed: 18030253095897791644

34118 pokeman the Eclecticist (level 13, -1/74 HPs)
             Began as a Deep Elf Hedge Wizard on Dec 4, 2023.
             Was a High Priest of Vehumet.
             Shot with a bolt by a yaktaur (5 damage)
             ... on level 15 of the Dungeon on Dec 6, 2023.
             The game lasted 00:47:29 (18524 turns).

pokeman the Eclecticist (Deep Elf Hedge Wizard)    Turns: 18524, Time: 00:47:30

Health: -1/74      AC: 20    Str:  7    XL:     13   Next: 40%
Magic:  23/38      EV: 10    Int: 25    God:    Vehumet [*****.]
Gold:   513        SH:  0    Dex: 14    Spells: 29/50 levels left

rFire   . . .        m - +4 shortbow (elec)
rCold   . . .        (shield currently unavailable)
rNeg    . . .        H - +0 swamp dragon scales
rPois   +            s - +0 helmet
rElec   .            D - +1 cloak {Stlth+}
rCorr   .            L - +2 pair of gloves
SInv    +            q - +0 pair of boots
Will    +....        (no amulet)
Stlth   +++          i - ring of see invisible
HPRegen 0.32/turn    U - +4 ring of protection
MPRegen 0.26/turn

%: no passive effects
@: no status effects
A: no striking features
a: Renounce Religion


You were on level 15 of the Dungeon.
You worshipped Vehumet.
Vehumet was extremely pleased with you.
You visited 1 branch of the dungeon, and saw 15 of its levels.

You collected 745 gold pieces.
You spent 232 gold pieces at shops.

Inventory:

Hand Weapons
 m - a +4 shortbow of electrocution (weapon)
 O - a +0 demon whip of venom
 S - a +5 heavy spear
 T - a +1 whip of pain
 W - the +5 whip of the Poles {freeze, rElec rCorr Str+3}
   (You found it on level 13 of the Dungeon)

   Str+3:     It affects your strength (+3).
   rElec:     It insulates you from electricity.
   rCorr:     It protects you from acid and corrosion.
Missiles
 N - 2 curare-tipped darts
Armour
 q - a +0 pair of boots (worn)
 s - a +0 helmet (worn)
 D - a +1 cloak of stealth (worn)
 H - +0 swamp dragon scales (worn)
 L - a +2 pair of gloves (worn)
 R - a +0 kite shield
Magical Staves
 Y - a staff of death
Jewellery
 b - a ring of ice
 i - a ring of see invisible (left hand)
 U - a +4 ring of protection (right hand)
 Z - a +6 ring of dexterity
Wands
 f - a wand of roots (5)
 o - a wand of flame (4)
 B - a wand of digging (12)
 C - a wand of acid (7)
 G - a wand of charming (16)
 X - a wand of mindburst (3)
Scrolls
 j - 7 scrolls of teleportation
 l - 2 scrolls of vulnerability
 n - 4 scrolls of enchant weapon
 p - 3 scrolls of amnesia {unknown}
 t - 3 scrolls of noise
 u - 2 scrolls of poison {unknown}
 w - 2 scrolls of blinking {unknown}
 x - 2 scrolls of torment {unknown}
 y - a scroll of enchant armour {unknown}
 A - a scroll of acquirement {unknown}
 I - 3 scrolls of revelation
 J - a scroll of butterflies {unknown}
 M - a scroll of immolation {unknown}
 P - 4 scrolls of fear
 Q - 2 scrolls of fog
 V - a scroll of silence
Potions
 a - a potion of cancellation
 c - 2 potions of lignification
 d - a potion of magic
 e - 3 potions of berserk rage
 g - 7 potions of curing
 h - a potion of ambrosia
 k - 4 potions of resistance
 r - 3 potions of brilliance
 v - 2 potions of enlightenment
 z - 2 potions of attraction
 E - 2 potions of haste
 F - 6 potions of heal wounds
 K - 2 potions of might


   Skills:
 - Level 6.0 Fighting
 - Level 6.0 Armour
 - Level 3.0 Dodging
 - Level 3.0 Stealth
 + Level 1.3 Shields
 * Level 19.2 Spellcasting
 + Level 11.6 Conjurations
 - Level 1.1 Summonings
 - Level 1.1 Necromancy
 - Level 1.1 Translocations
 + Level 10.1 Fire Magic
 - Level 2.0 Air Magic
 - Level 1.1 Earth Magic
 - Level 1.0 Poison Magic
 - Level 2.2 Evocations


You had 29 spell levels left.
You knew the following spells:

 Your Spells              Type           Power      Damage    Failure   Level
a - Magic Dart            Conj           100%       1d8       1%          1
b - Mephitic Cloud        Conj/Pois/Air  48%        N/A       1%          3
c - Call Imp              Summ           58%        N/A       5%          2
d - Blink                 Tloc           58%        N/A       5%          2
e - Foxfire               Conj/Fire      100%       2x1d9     1%          1
f - Starburst             Conj/Fire      34%        6d10      2%          6
g - Bombard               Conj/Erth      27%        9d5       17%         6

Your spell library contained the following spells:

 Spells                   Type           Power      Damage    Failure   Level
 Inner Flame              Hex/Fire       49%        N/A       1%          3
 Iskenderun's Mystic Bla  Conj/Tloc      54%        2d12      1%          4
 Apportation              Tloc           58%        N/A       3%          1
 Cigotuvi's Dreadful Rot  Necr/Pois/Air  62%        N/A       4%          2
 Slow                     Hex            96%        N/A       6%          1
 Jinxbite                 Hex            48%        N/A       9%          2
 Tukima's Dance           Hex            24%        N/A       17%         3
 Plasma Beam              Fire/Air       26%        2x1d39    19%         6
 Yara's Violent Unravell  Hex/Tmut       12%        3d7       36%         5
 Dimensional Bullseye     Hex/Tloc       13%        N/A       41%         4
 Alistair's Intoxication  Tmut/Pois      17%        N/A       78%         5
 Enfeeble                 Hex            12%        N/A       100%        7


Dungeon Overview and Level Annotations

Branches:
Dungeon (15/15)            Temple (0/1) D:6            Lair (0/5) D:9
    Orc (0/2) D:9          Vaults (0/5) D:13         Depths (0/4) D:15

Altars:
Qazlal
Uskayaw
Vehumet

Shops:
D:1 (   D:6 ?


Message History

A yaktaur comes into view.
The yaktaur wields a +0 arbalest.
The yaktaur shoots a bolt.
The bolt closely misses you.
The yaktaur shoots a bolt.
The bolt hits you!!
The yaktaur shoots a bolt.
The bolt completely misses you.
Casting: Magic Dart (safe; 1% risk of failure)
Confirm with . or Enter, or press ? or * to list all spells.
Casting: Starburst (dangerous; 3% risk of failure)
Press: ? - help, Dir - look around, f - activate The bolt of fire hits the yaktaur!!
The yaktaur is severely wounded.
The bolt of fire misses the yaktaur.
Unknown command.
Casting: Starburst (dangerous; 3% risk of failure)
Confirm with . or Enter, or press ? or * to list all spells.
Casting: Starburst (dangerous; 3% risk of failure)
Press: ? - help, Dir - look around, f - activate The bolt of fire hits the yaktaur!!
The yaktaur is heavily wounded.
The bolt of fire hits the yaktaur!!
You kill the yaktaur!
Vehumet accepts your kill.
The yaktaur shoots a bolt.
The bolt hits you but does no damage.
Unknown command.
The yaktaur shoots a bolt.
The bolt hits you!!
The yaktaur shoots a bolt.
The bolt hits you!!
* * * LOW HITPOINT WARNING * * *
The yaktaur wields a +0 arbalest.
The yaktaur shoots a bolt.
The bolt closely misses you.
Casting: Starburst (dangerous; 2% risk of failure)
Confirm with . or Enter, or press ? or * to list all spells.
Casting: Starburst (dangerous; 2% risk of failure)
Press: ? - help, Dir - look around, f - activate The bolt of fire hits the yaktaur!!
You kill the yaktaur!
Vehumet accepts your kill.
You feel your power returning.
The bolt of fire hits the yaktaur!!!
The yaktaur is almost dead.
The yaktaur shoots a bolt.
The bolt hits you.
You die...

. ... ### .....##.####
c....)).@..# #####+#
c.....#.##.###...#.#
......cc##...#.#.#.######
.............#.#.#......#
........................#
......#####...........)..
##.... #...............
##### ##'##...........
................


You could see 2 yaktaurs.

Vanquished Creatures
  Jorgrun (D:13)
  A stone giant (D:15)
  Nessos (D:14)
  A hydra (D:13)
  A catoblepas (D:14)
  3 boulder beetles
  4 centaur warriors
  4 two-headed ogres
  2 tengu warriors (D:15)
  Urug (D:10)
  Amaemon (D:8)
  3 skeletal warriors (D:13)
  Pikel (D:5)
  A manticore (D:11)
  3 cyclopes
  Maurice (D:8)
  Joseph (D:7)
  2 gargoyles (D:11)
  Maggie (D:6)
  6 kobold demonologists
  An orange demon (D:8)
  2 yaktaurs (D:15)
  An efreet (D:15)
  10 trolls
  6 meliai (D:14)
  Grinder (D:4)
  Prince Ribbit (D:7)
  5 slime creatures (D:14)
  Sigmund (D:2)
  9 yaks
  5 wraiths
  2 shadows (D:10)
  A vampire (D:12)
  Grum (D:9)
  A wyvern (D:8)
  A hog (shapeshifter) (D:14)
  2 steam dragons
  11 vampire mosquitoes
  2 wargs (D:9)
  Menkaure (D:4)
  4 acid dragons
  4 water moccasins
  A black bear (D:6)
  A sky beast (D:6)
  3 orc warriors
  An ogre (D:6)
  2 wolves (D:9)
  5 centaurs
  2 phantoms
  Blork the orc (D:4)
  8 kobold brigands
  2 bullfrogs
  A gnoll sergeant (D:11)
  4 scorpions
  A howler monkey (D:9)
  4 jellies (D:5)
  A gnoll bouda (D:9)
  A hound (D:6)
  8 orc priests
  2 sleepcaps
  3 iguanas
  13 orc wizards
  Robin (D:4)
  12 gnolls
  6 adders
  A white imp (D:6)
  3 ufetubi
  3 worms
  43 orcs
  10 bats
  12 endoplasms
  2 giant cockroaches
  22 goblins
  5 hobgoblins
  9 jackals
  37 kobolds
  5 quokkas
  6 ball pythons
  6 frilled lizards (D:1)
  2 rats
360 creatures vanquished.

Vanquished Creatures (collateral kills)
  A wolf (D:9)
  A goblin (D:2)
  A rat (D:2)
3 creatures vanquished.

Vanquished Creatures (others)
  761 foxfires
761 creatures vanquished.

Grand Total: 1124 creatures vanquished

Notes
Turn   | Place    | Note
-------+----------+-------------------------------------------
     0 | D:1      | pokeman the Deep Elf Hedge Wizard began the quest for the
                  | Orb.
     0 | D:1      | Reached XP level 1. HP: 10/10 MP: 7/7
   386 | D:1      | Reached XP level 2. HP: 15/15 MP: 4/9
   702 | D:1      | Found Enwanu's Weapon Emporium.
   897 | D:1      | Reached skill level 5 in Spellcasting
  1066 | D:1      | Found a faded altar of an unknown god.
  1191 | D:2      | Reached XP level 3. HP: 20/20 MP: 9/11
  1195 | D:2      | Learned a level 3 spell: Mephitic Cloud
  1198 | D:2      | Learned a level 2 spell: Call Imp
  1201 | D:2      | Learned a level 2 spell: Blink
  1380 | D:2      | Noticed Sigmund
  1480 | D:2      | Killed Sigmund
  1481 | D:2      | Reached skill level 1 in Fighting
  1481 | D:2      | Reached skill level 1 in Armour
  1481 | D:2      | Reached skill level 6 in Spellcasting
  1481 | D:2      | Reached XP level 4. HP: 10/25 MP: 7/14
  1481 | D:2      | Reached XP level 5. HP: 11/29 MP: 7/15
  2873 | D:3      | Noticed a phantom
  2886 | D:3      | Killed a phantom
  2887 | D:3      | Reached XP level 6. HP: 23/34 MP: 5/17
  3292 | D:3      | Reached skill level 7 in Spellcasting
  3861 | D:4      | Noticed Menkaure
  4008 | D:4      | Noticed Blork the orc
  4018 | D:4      | Killed Blork the orc
  4019 | D:4      | Reached skill level 1 in Poison Magic
  4041 | D:4      | Noticed Grinder
  4077 | D:4      | Killed Grinder
  4078 | D:4      | Reached skill level 1 in Air Magic
  4078 | D:4      | Reached skill level 1 in Evocations
  4078 | D:4      | Reached XP level 7. HP: 29/38 MP: 5/20
  4221 | D:4      | Killed Menkaure
  4222 | D:4      | Reached skill level 8 in Spellcasting
  4515 | D:4      | Found a radiant altar of Vehumet.
  4583 | D:4      | Became a worshipper of Vehumet
  5065 | D:4      | Noticed Robin
  5086 | D:4      | Killed Robin
  5087 | D:4      | Reached * piety under Vehumet
  5087 | D:4      | Offered knowledge of Kiss of Death by Vehumet.
  5217 | D:5      | Entered Level 5 of the Dungeon
  5433 | D:5      | Reached skill level 9 in Spellcasting
  5433 | D:5      | Reached XP level 8. HP: 44/44 MP: 16/23
  5441 | D:5      | Noticed Pikel
  5450 | D:5      | Killed Pikel
  5451 | D:5      | Reached skill level 10 in Spellcasting
  5451 | D:5      | Reached skill level 5 in Conjurations
  6071 | D:5      | Offered knowledge of Foxfire by Vehumet.
  6077 | D:5      | Learned a level 1 spell: Foxfire
  6442 | D:6      | Reached skill level 1 in Fire Magic
  6476 | D:6      | Reached skill level 11 in Spellcasting
  6550 | D:6      | Reached XP level 9. HP: 48/48 MP: 22/26
  6607 | D:6      | Reached ** piety under Vehumet
  6664 | D:6      | Noticed Maggie
  6870 | D:6      | Found a staircase to the Ecumenical Temple.
  7080 | D:6      | Killed Maggie
  7159 | D:6      | Found Tebb's Magic Scroll Boutique.
  7172 | D:6      | Bought a scroll of teleportation for 45 gold pieces
  7172 | D:6      | Bought a scroll of revelation for 112 gold pieces
  7172 | D:6      | Bought a scroll of identify for 30 gold pieces
  7434 | D:7      | Reached skill level 12 in Spellcasting
  7438 | D:7      | Noticed Joseph
  7462 | D:7      | Killed Joseph
  7697 | D:6      | Bought a scroll of noise for 15 gold pieces
  7697 | D:6      | Bought a scroll of identify for 30 gold pieces
  7793 | D:7      | Noticed Prince Ribbit
  7813 | D:7      | Killed Prince Ribbit
  8227 | D:7      | Reached XP level 10. HP: 51/55 MP: 28/28
  8360 | D:8      | Reached skill level 13 in Spellcasting
  8362 | D:8      | Offered knowledge of Scorch by Vehumet.
  8448 | D:8      | Noticed Maurice
  8478 | D:8      | Killed Maurice
  8983 | D:8      | Reached skill level 5 in Fire Magic
  8986 | D:8      | Reached *** piety under Vehumet
  9038 | D:8      | Noticed Amaemon
  9045 | D:8      | Noticed an orange demon
  9060 | D:8      | Killed Amaemon
  9061 | D:8      | Reached skill level 14 in Spellcasting
  9062 | D:8      | Killed an orange demon
  9514 | D:9      | Noticed Grum
  9523 | D:9      | Offered knowledge of Volatile Blastmotes by Vehumet.
  9543 | D:9      | Killed Grum
  9544 | D:9      | Reached XP level 11. HP: 45/62 MP: 31/31
  9843 | D:9      | Reached **** piety under Vehumet
  9974 | D:9      | Found a staircase to the Orcish Mines.
  9980 | D:9      | Found a staircase to the Lair.
  9994 | D:9      | Reached skill level 15 in Spellcasting
 10028 | D:9      | Offered knowledge of Lee's Rapid Deconstruction by Vehumet.
 10037 | D:9      | Noticed a two-headed ogre
 10044 | D:9      | Killed a two-headed ogre
 10489 | D:10     | Entered Level 10 of the Dungeon
 10654 | D:10     | Learned a level 6 spell: Starburst
 10693 | D:10     | HP: 1/62 [acid dragon/splash of acid (24)]
 10695 | D:10     | Reached skill level 5 in Fighting
 10716 | D:10     | Noticed a two-headed ogre
 10772 | D:10     | Killed a two-headed ogre
 11105 | D:10     | Found a hide-covered altar of Uskayaw.
 11121 | D:10     | Found a stormy altar of Qazlal.
 11201 | D:10     | Noticed Urug
 11235 | D:10     | Killed Urug
 11466 | D:11     | Noticed a two-headed ogre
 11555 | D:10     | Reached skill level 16 in Spellcasting
 11837 | D:11     | Killed a two-headed ogre
 12112 | D:11     | Identified the +0 ring mail of Resourcefulness {Dex+4}
 12142 | D:11     | Reached XP level 12. HP: 58/69 MP: 2/34
 12983 | D:12     | Noticed a boulder beetle
 12989 | D:12     | Killed a boulder beetle
 12990 | D:12     | Reached skill level 10 in Conjurations
 12990 | D:12     | Reached skill level 1 in Necromancy
 13258 | D:12     | You fall into a shaft and drop 2 floors!
 13406 | D:12     | Reached skill level 17 in Spellcasting
 13608 | D:12     | Noticed a two-headed ogre
 13617 | D:12     | Killed a two-headed ogre
 14108 | D:13     | Reached ***** piety under Vehumet
 14333 | D:13     | Identified the +5 whip of the Poles {freeze, rElec rCorr
                  | Str+3}
 14346 | D:13     | Offered knowledge of Bombard by Vehumet.
 14454 | D:13     | Learned a level 6 spell: Bombard
 14615 | D:13     | Noticed a boulder beetle
 14622 | D:13     | Killed a boulder beetle
 14798 | D:13     | Noticed a centaur warrior
 14807 | D:13     | Killed a centaur warrior
 14808 | D:13     | Reached skill level 5 in Armour
 14808 | D:13     | Reached skill level 1 in Earth Magic
 15063 | D:13     | Noticed Jorgrun
 15069 | D:13     | Killed Jorgrun
 15070 | D:13     | Reached skill level 18 in Spellcasting
 15414 | D:13     | Found a gate to the Vaults.
 15414 | D:13     | Noticed an eight-headed hydra
 15422 | D:13     | Killed an eight-headed hydra
 16207 | D:14     | Noticed a catoblepas
 16624 | D:14     | Noticed a centaur warrior
 16632 | D:14     | Reached XP level 13. HP: 74/74 MP: 28/37
 17089 | D:14     | Noticed Nessos
 17095 | D:14     | Killed Nessos
 17839 | D:15     | Entered Level 15 of the Dungeon
 17978 | D:15     | Reached skill level 19 in Spellcasting
 18135 | D:15     | Noticed a stone giant
 18143 | D:15     | Killed a stone giant
 18144 | D:15     | Reached skill level 1 in Shields
 18144 | D:15     | Reached skill level 10 in Fire Magic
 18314 | D:15     | Found a staircase to the Depths.
 18523 | D:15     | HP: 3/74 [yaktaur/bolt (24)]
 18524 | D:15     | Shot with a bolt by a yaktaur

Illustrated notes

Levels and vault maps discovered:
D:1:      dpeg_arrival_chambers_temple_mockup, layout_rooms,
          hellmonk_ecumenical_altar_inner_sanctum, serial_shops, shop
D:2:      layout_basic, uniq_sigmund
D:3:      layout_basic, kennysheep_small_spiral, serial_bayou_ford_a,
          hangedman_glass_teeth, chequers_serial_rivers_large_b,
          roderic_lattice_a, minmay_strange_pillars
D:4:      kennysheep_goblin_castle, layout_cave_pools,
          nicolae_vehumet_altar_sigil, uniq_blork_the_orc, uniq_menkaure,
          uniq_grinder
D:5:      layout_loops_ring, nrook_campfire, hangedman_minor_gate_pass,
          uniq_pikel
D:6:      layout_cave_pools, minmay_temple_entry_mist, serial_column_ruins,
          column_ruins_corridor_T, column_ruins_open_small,
          column_ruins_open_small, column_ruins_open_medium,
          column_ruins_grid_1, serial_shops, nicolae_shop_waterfront,
          uniq_maggie
D:7:      layout_basic, david_defended_altar_orc, uniq_joseph,
          uniq_prince_ribbit1
D:8:      layout_rooms, uniq_maurice, uniq_amaemon
D:9:      layout_long_grid, erik_lair_orcish_takeover, orc_0_dummy,
          chequers_serial_rivers_micro_b, grunt_ministairs_2, uniq_grum
D:10:     nicolae_hitomezashi [nicolae_hito_row, nicolae_hito_row,
          nicolae_hito_row, nicolae_hito_row, nicolae_hito_row,
          nicolae_hito_row, nicolae_hito_row, nicolae_hito_row,
          nicolae_hito_row, nicolae_hito_row, nicolae_hito_row,
          nicolae_hito_row, nicolae_hito_row, nicolae_hito_row,
          nicolae_hito_row, nicolae_hito_row, nicolae_hito_row,
          nicolae_hito_row], layout_rooms, minitemple, uniq_urug
D:11:     layout_loops_ring
D:12:     layout_loops_cross
D:13:     layout_basic, hellmonk_vaults_attempted_burglary, uniq_jorgrun
D:14:     layout_basic, nicolae_eternal_life, uniq_nessos
D:15:     grunt_enter_depths_snipers, layout_basic, nrook_mini_vaults,
          yredelemnul_forgotten_temple_becter, uniq_agnes, uniq_josephine

Skill      XL: |  1  2  3  4  5  6  7  8  9 10 11 12 13 |
---------------+----------------------------------------+-----
Spellcasting   | 5 6 7 9 11 12 14 16 18 19 | 19.2
Fighting       | 1 2 4 5 6 |  6.0
Armour         | 1 2 3 4 5 6 |  6.0
Conjurations   | 2 3 4 6 7 8 9 11 | 11.6
Dodging        | 3 |  3.0
Stealth        | 3 |  3.0
Poison Magic   | 1 |  1.0
Air Magic      | 1 2 |  2.0
Evocations     | 1 2 |  2.2
Fire Magic     | 1 4 6 7 9 10 | 10.1
Necromancy     | 1 |  1.1
Earth Magic    | 1 |  1.1
Shields        | 1 |  1.3
Summonings     | |  1.1
Translocations | |  1.1

Action                     |  1- 3 |  4- 6 |  7- 9 | 10-12 | 13-15 || total
---------------------------+-------+-------+-------+-------+-------++-------
  Melee: Dagger            |    24 |    33 |       |       |       ||    57
         Punch             |       |     1 |     2 |     1 |       ||     4
         Hand axe          |       |       |    99 |    35 |       ||   134
         Shortbow          |       |       |       |     1 |       ||     1
   Fire: Shortbow          |       |       |       |   162 |       ||   162
   Cast: Magic Dart        |    75 |   125 |    98 |     4 |     2 ||   304
         Mephitic Cloud    |     3 |     2 |    19 |    48 |     6 ||    78
         Call Imp          |     3 |     1 |     2 |     4 |       ||    10
         Blink             |       |       |     2 |     5 |       ||     7
         Foxfire           |       |       |   124 |   295 |       ||   419
         Starburst         |       |       |       |    88 |    40 ||   128
         Bombard           |       |       |       |       |     2 ||     2
  Evoke: Wand              |       |       |     1 |       |       ||     1
    Use: Scroll            |       |       |       |    18 |       ||    18
   Stab: Sleeping          |     1 |       |       |       |       ||     1
         Confused          |     3 |     1 |    10 |     3 |       ||    17
 Armour: Robe              |    19 |    29 |    50 |       |       ||    98
         Swamp dragon scal |       |       |    39 |   258 |    28 ||   325
  Dodge: Dodged            |    18 |    16 |    75 |   147 |    14 ||   270

Table legend: (Time is in decaauts)
 A = Elapsed time spent in this place.
 B = Non-inter-level travel time spent in this place.
 C = Inter-level travel time spent in this place.
 D = Time resting spent in this place.
 E = Time spent auto-exploring this place.
 F = Levels seen in this place.
 G = Mean time per level.
                   A        B        C        D        E       F      G
               +--------+--------+--------+--------+--------+-----+--------+
         Total |  18819 |  18299 |    520 |   1479 |  13971 |  15 | 1254.6 |
       Dungeon |  18819 |  18299 |    520 |   1479 |  13971 |  15 | 1254.6 |
               +--------+--------+--------+--------+--------+-----+--------+

Top non-repeatable levels by time:
    D:14: 2126 daAuts
    D:13: 1715 daAuts
     D:3: 1659 daAuts
     D:4: 1539 daAuts
    D:10: 1325 daAuts
    D:12: 1305 daAuts
     D:1: 1262 daAuts
     D:5: 1216 daAuts
     D:9: 1163 daAuts
     D:6: 1063 daAuts
     D:7: 1026 daAuts
    D:11: 948 daAuts
     D:8: 937 daAuts
     D:2: 846 daAuts
    D:15: 684 daAuts
